AoeStats
← kovbalu | 144Hz peek. |

Arena

505629719Analyzed
3v3 RM · 22d ago on Sep 10, 2026· 53m 46s· 6 players
Game mode
Random Map
Map size
Normal (6 player)
Population
200
Speed
Normal
Resources
Standard
Victory
Conquest
Starting age
Dark Age
Ending age
Imperial Age
RankedLock teamsTeams togetherTeam positionsShared explorationLock speedFull tech treeHidden civsTurbo modeCheats
Victory
Defeat
🇻🇳 Franks · Vietnam
1051
+20
🇻🇳 Gurjaras · Vietnam
1037
+21
🇻🇳 Vietnamese · Vietnam
1036
+20
🇭🇺 Khmer · Hungary
1322
-27
🇦🇹 Turks · Austria
1113
-19
🇭🇺 Persians · Hungary
1000
-41
FinalFantasy
9:45 Feudal Age
13:24 Castle Age
12:11 Double-Bit Axe
14:26 Bow Saw
14:28 Horse Collar
21:07 Wheelbarrow
21:35 Gold Mining
21:50 Loom
22:26 Hand Cart
23:57 Gold Shaft Mining
27:19 Imperial Age
25:02 Stone Mining
26:31 Stone Shaft Mining
26:48 Redemption
31:05 Fletching
31:20 Scale Barding Armor
31:34 Husbandry
31:44 Bloodlines
31:41 Elite Ballista Elephant
32:23 Double Crossbow
33:32 Chain Barding Armor
33:26 Siege Engineers
34:22 Chemistry
33:45 Ballistics
33:36 Masonry
35:36 Conscription
38:53 Architecture
38:18 Murder Holes
39:07 Plate Barding Armor
40:37 Bodkin Arrow
40:37 Light Cavalry
51:18 Bracer
kovbalu | 144Hz peek. |
13:22 Feudal Age
17:01 Castle Age
15:12 Double-Bit Axe
15:47 Gold Mining
22:26 Imperial Age
20:46 Bow Saw
29:26 Horse Collar
30:52 Wheelbarrow
30:18 Stone Mining
31:04 Gold Shaft Mining
31:11 Gold Shaft Mining
31:47 Two-Man Saw
31:35 Padded Archer Armor
Alpakapucuf
11:14 Feudal Age
13:21 Horse Collar
13:28 Double-Bit Axe
16:02 Castle Age
16:38 Bow Saw
18:24 Heavy Plow
24:14 Bloodlines
25:08 Wheelbarrow
24:22 Loom
NguyenVi
14:01 Feudal Age
15:15 Double-Bit Axe
15:13 Horse Collar
18:03 Castle Age
23:24 Bloodlines
23:14 Husbandry
23:18 Padded Archer Armor
23:26 Scale Barding Armor
25:47 Bow Saw
29:06 Gold Mining
33:02 Gold Shaft Mining
32:17 Stone Mining
36:14 Imperial Age
34:23 Wheelbarrow
37:02 Forging
36:38 Elite Shrivamsha Rider
38:28 Iron Casting
38:51 Onager
42:02 Chemistry
41:23 Ballistics
41:52 Loom
43:32 Fortified Wall
Huy
11:08 Feudal Age
14:58 Castle Age
15:36 Double-Bit Axe
16:29 Wheelbarrow
17:29 Stone Mining
18:02 Bow Saw
25:14 Forging
25:42 Scale Barding Armor
25:40 Husbandry
28:46 Chain Barding Armor
29:01 Iron Casting
31:00 Imperial Age
28:17 Loom
28:17 Town Watch
28:55 Hand Cart
29:53 Town Watch
31:02 Cavalier
34:24 Gold Mining
34:39 Paladin
36:21 Blast Furnace
35:44 Town Patrol
36:47 Plate Barding Armor
36:16 Chivalry
37:52 Gold Shaft Mining
46:12 #83
46:13 Conscription
dangphu252
11:03 Feudal Age
12:09 Loom
13:01 Double-Bit Axe
13:18 Horse Collar
16:02 Castle Age
14:23 Gold Mining
17:07 Forging
16:57 Scale Mail Armor
18:33 Bow Saw
19:44 Scale Mail Armor
24:07 Chain Mail Armor
25:04 Iron Casting
31:07 Wheelbarrow
33:07 Imperial Age
31:42 Hand Cart
31:18 Town Watch
35:17 Coinage
36:04 Two-Man Saw
35:06 Heavy Plow
36:23 Town Patrol
37:58 Chemistry
38:22 Plate Mail Armor
40:00 Onager
41:34 Elite Fire Lancer
50:30 Caravan
Connection lost

Rejoining the realm…

Still unreachable

The connection could not be restored.

Session expired

The server has moved on; the page needs a fresh start.